Map: Costas tropicales

Players

MrFercho - Winner!

  • Race: Terran Terran
  • Spawn Location: 0:00

tigro

  • Race: Terran Terran
  • Spawn Location: 5:00

VOD

Have the link to the VOD?

Description

Time

  • Played on: Sept. 30, 2018, 11:06 p.m.
  • Length: 28:11
Show
View Real Time Build Order
Export as new Build Order

MrFercho Terran - Winner!

Build Orders:  

Get SALT Encoding   

  12  0:02  SCV  
  13  0:15  SCV  
  14  0:27  SCV  
  15  0:34  Supply Depot  
  15  0:41  Refinery  
  15  1:28  Refinery  
  15  1:29  SCV  
  16  1:41  SCV  
  17  1:47  Barracks  
  17  1:53  SCV  
  18  1:59  Command Center  
  18  2:05  SCV  
  19  2:17  SCV  
  19  2:20  Supply Depot  
  20  2:49  Engineering Bay  
  20  2:54  Barracks  
  20  3:02  Orbital Command  
  20  3:16  Engineering Bay  
  20  3:19  Orbital Command  
  20  3:25  Refinery  
  20  3:43  Barracks, Barracks Tech Lab  
  20  3:44  Engineering Bay  
  20  3:48  Terran Infantry Armor Level 1, Terran Infantry Weapons Level 1  
  20  3:52  Barracks Tech Lab  
  20  4:10  SCV  
  21  4:22  SCV  
  22  4:34  SCV  
  22  4:35  Barracks Tech Lab  
  23  4:44  Factory  
  23  4:46  SCV  
  24  4:58  SCV, Refinery  
  25  5:11  SCV  
  26  5:23  Reaper x3, SCV  
  26  5:25  Sensor Tower  
  30  5:29  Factory  
  30  6:14  Factory  
  30  6:20  Armory  
  30  6:29  Command Center, SCV  
  31  6:41  SCV  
  31  6:42  Factory Tech Lab  
  31  6:43  Factory Tech Lab  
  31  6:45  Refinery  
  32  6:52  Marauder x3  
  32  6:53  SCV  
  39  6:59  Factory  
  39  7:05  SCV  
  39  7:08  Armory  
  40  7:12  Refinery  
  40  7:13  Marauder  
  42  7:17  SCV  
  43  7:46  Factory Tech Lab  
  43  7:47  Factory Tech Lab  
  43  7:51  Thor x2  
  43  7:57  Armory  
  55  8:07  SCV  
  56  8:19  SCV  
  57  8:31  SCV  
  58  8:34  Cyclone  
  61  8:47  Supply Depot  
  61  8:50  Terran Vehicle And Ship Armor Level 1, Terran Vehicle Weapons Level 1  
  61  8:51  Terran Ship Weapons Level 1  
  61  8:56  Hi-Sec Auto Tracking, Neosteel Frame  
  61  8:57  Neosteel Armor  
  61  9:08  SCV, Siege Tank, Cyclone  
  68  9:10  Supply Depot  
  68  9:20  SCV  
  67  9:33  Supply Depot  
  67  9:53  Terran Infantry Armor Level 2  
  67  9:58  Supply Depot  
  66  10:04  Marine x3  
  69  10:21  Supply Depot  
  69  10:44  Supply Depot  
  69  10:51  Starport x2  
  69  11:11  Command Center  
  69  11:14  Orbital Command  
  69  11:15  Ghost Academy  
  69  11:25  Infernal Pre-Igniter  
  69  11:26  Rapid Fire Launchers, Drilling Claws  
  69  11:27  Smart Servos  
  69  11:30  Combat Shield, Starport  
  69  11:31  Starport  
  69  11:32  Concussive Shells  
  69  11:45  Fusion Core  
  69  11:46  Ghost Academy  
  69  11:53  Stimpack  
  69  12:16  Ghost Academy  
  69  12:26  Refinery  
  69  12:46  Ghost Academy, SCV  
  70  12:51  Refinery  
  70  12:54  Weapon Refit  
  70  12:55  Missile Turret  
  70  12:58  SCV  
  71  13:11  SCV  
  62  13:19  Missile Turret  
  58  13:23  SCV  
  53  13:35  SCV  
  45  13:42  Marauder x3  
  51  14:02  Terran Ship Weapons Level 2  
  51  14:03  Marauder, Ghost x2  
  51  14:09  Missile Turret  
  57  14:24  Ghost  
  57  14:27  Orbital Command  
  59  14:32  Missile Turret  
  59  14:37  Starport Tech Lab x3  
  59  14:38  Starport Tech Lab  
  59  14:48  Command Center  
  59  14:57  Command Center, Missile Turret  
  59  15:10  Thor x2  
  59  15:13  Siege Tank x2  
  77  15:22  Missile Turret  
  77  15:24  Personal Cloaking  
  77  15:25  Nuke x3  
  77  15:47  Missile Turret  
  77  15:52  SCV x3  
  77  15:53  SCV  
  81  16:04  SCV x3  
  81  16:05  SCV  
  81  16:07  Rapid Reignition System, Advanced Ballistics, Corvid Reactor  
  81  16:08  Cloaking Field  
  81  16:09  Refinery  
  85  16:11  Refinery  
  85  16:13  Missile Turret  
  85  16:14  Medivac  
  85  16:15  Raven  
  85  16:16  SCV x3  
  85  16:17  SCV  
  93  16:28  SCV x2  
  93  16:29  SCV x2  
  97  16:39  Orbital Command, Refinery  
  97  16:40  SCV x2, Refinery  
  97  16:41  SCV x2  
  97  16:42  Orbital Command  
  101  17:05  Hyperflight Rotors  
  101  17:06  Liberator  
  101  17:23  Sensor Tower  
  101  17:24  Banshee  
  101  17:25  Viking  
  101  17:26  Battlecruiser  
  115  17:40  Terran Ship Weapons Level 3  
  113  17:49  Sensor Tower  
  113  17:56  Battlecruiser  
  119  18:06  Banshee  
  119  18:07  Banshee  
  125  18:18  Sensor Tower  
  125  18:30  Banshee  
  128  18:48  Sensor Tower  
  128  18:49  Viking  
  128  18:50  Viking  
  132  19:00  Viking  
  134  19:13  Battlecruiser  
  140  19:18  Sensor Tower  
  140  19:19  Battlecruiser  
  143  19:42  Barracks Tech Lab  
  143  20:22  Missile Turret  
  143  20:23  Missile Turret  
  143  20:25  Missile Turret  
  143  20:33  Missile Turret  
  143  20:38  Missile Turret  
  143  21:03  Sensor Tower  
  143  21:05  Sensor Tower  
  143  21:07  Sensor Tower  
  141  22:04  Nuke x4  
  141  22:21  Refinery  
  141  22:26  Refinery  
  114  24:02  Marauder x2  
  120  24:03  Marauder  
  120  24:08  Thor x3  
  120  24:09  Siege Tank  
  141  24:15  Battlecruiser x3  
  141  24:16  Banshee  
  162  24:23  Marine x2  
  162  24:24  Marauder  
  150  24:41  Marine x2, Siege Tank  
  155  24:51  Cyclone x2, Siege Tank  
  164  24:58  Banshee  
  167  25:14  Hellion  
  169  25:19  Viking, Medivac, Banshee  
  176  25:23  Hellion  
  173  25:41  Viking  
  169  25:49  Viking  
  163  26:23  Thor x3  
  163  26:24  Siege Tank  
  170  26:51  Battlecruiser  
  170  26:53  Banshee x3  
  184  26:56  Siege Tank  
  186  27:06  Siege Tank  
Show
View Real Time Build Order
Export as new Build Order

tigro Terran 

Build Orders:  

Get SALT Encoding   

  12  0:11  SCV  
  13  0:22  Refinery  
  13  0:23  SCV  
  13  0:27  Refinery  
  14  0:37  SCV  
  15  0:50  Supply Depot  
  15  1:11  SCV  
  15  1:12  Supply Depot  
  16  1:21  Barracks  
  16  1:28  SCV  
  17  1:40  SCV  
  18  2:07  Engineering Bay  
  18  2:27  Command Center  
  18  2:34  Barracks Tech Lab  
  18  3:00  Marine  
  18  3:04  Missile Turret  
  19  3:14  Terran Infantry Weapons Level 1  
  19  3:18  Marine  
  20  3:35  Marine  
  21  3:46  Missile Turret  
  21  3:52  SCV  
  21  3:53  Marine  
  23  4:05  SCV  
  24  4:11  Marine  
  26  4:17  SCV  
  26  4:20  Supply Depot  
  26  4:25  Sensor Tower  
  26  4:52  Factory  
  26  4:56  Refinery  
  26  5:05  Planetary Fortress  
  26  5:08  Terran Infantry Armor Level 1  
  26  5:29  SCV  
  27  5:39  Refinery  
  27  5:41  SCV  
  28  5:43  Factory Tech Lab  
  28  5:45  Ghost Academy  
  28  6:06  Armory, SCV  
  29  6:18  SCV  
  30  6:31  SCV  
  31  6:37  Missile Turret  
  31  6:43  SCV  
  32  6:55  Siege Tank, SCV  
  36  7:03  Hi-Sec Auto Tracking  
  36  7:07  SCV  
  37  7:19  SCV  
  38  7:27  Siege Tank  
  41  7:46  Missile Turret  
  41  7:59  Neosteel Frame, Siege Tank  
  41  8:01  Terran Vehicle Weapons Level 1  
  44  8:36  SCV  
  44  8:39  Starport  
  45  8:48  SCV  
  46  9:00  SCV  
  47  9:12  SCV  
  48  9:18  Terran Infantry Weapons Level 2  
  48  9:24  SCV  
  48  9:30  Starport Tech Lab  
  45  9:55  Terran Vehicle And Ship Armor Level 1  
  43  10:04  SCV  
  44  10:16  SCV  
  45  10:28  SCV  
  46  10:40  SCV  
  47  10:52  SCV  
  47  10:53  SCV  
  49  11:08  Missile Turret  
  49  11:21  Supply Depot  
  49  11:30  Planetary Fortress  
  49  11:33  Terran Infantry Armor Level 2  
  49  11:47  Missile Turret  
  49  11:49  Terran Ship Weapons Level 1  
  49  11:55  Siege Tank  
  51  12:20  Fusion Core  
  38  12:26  Marauder  
  38  12:27  Siege Tank  
  43  12:46  Missile Turret  
  43  12:48  Marauder  
  45  12:59  Siege Tank  
  48  13:09  Marauder  
  50  13:15  Weapon Refit  
  48  13:31  Marauder, Siege Tank  
  48  13:49  Neosteel Armor  
  48  13:52  Marauder  
  50  13:57  Missile Turret  
  50  14:03  Siege Tank  
  53  14:16  Battlecruiser  
  59  14:32  Refinery  
  59  14:36  SCV  
  60  14:48  SCV  
  61  15:47  Missile Turret  
  61  16:17  Supply Depot  
  61  16:39  Battlecruiser  
  67  16:44  Refinery  
  67  16:48  Command Center  
  67  17:04  Refinery  
  67  17:20  Command Center  
  67  17:34  Missile Turret  
  67  17:37  Siege Tank  
  70  17:58  Supply Depot  
  70  17:59  Battlecruiser  
  70  18:04  Terran Infantry Weapons Level 3  
  76  18:07  Terran Vehicle And Ship Armor Level 2  
  76  18:09  Siege Tank  
  79  18:36  Marauder  
  81  18:41  Siege Tank  
  78  18:57  Marauder  
  80  19:04  Battlecruiser  
  86  19:13  Siege Tank  
  73  19:19  Marauder  
  63  19:40  Marauder  
  59  19:45  Siege Tank  
  62  20:02  Marauder  
  64  20:08  Battlecruiser  
  70  20:20  Missile Turret  
  70  20:22  Terran Vehicle Weapons Level 2  
  70  20:41  Terran Infantry Armor Level 3  
  70  20:58  Missile Turret  
  70  21:05  Refinery  
  70  21:19  Banshee  
  73  21:31  Refinery  
  73  22:02  Banshee, SCV  
  77  22:14  SCV  
  78  22:27  SCV  
  79  22:38  Terran Ship Weapons Level 2  
  79  22:39  SCV  
  79  22:43  SCV  
  81  22:44  Banshee  
  81  22:51  SCV  
  85  22:55  SCV  
  86  23:27  Banshee  
  86  23:50  Missile Turret  
  75  24:10  Banshee  
  32  24:53  Medivac  
  34  25:03  Missile Turret  
  33  25:23  Viking  
  29  25:35  Missile Turret  
  27  25:41  Missile Turret  
  27  25:53  Viking  
  28  26:01  Missile Turret  
  28  26:04  Planetary Fortress  
  22  26:16  Missile Turret  
  21  26:26  Missile Turret  
Tags
 
Matchup
TvT
Race
Terran
Replay Pack
MrFercho
Add a new tag
Caveats
  • Supply blocks, unpowered buildings, or Contaminate may cause inaccurate times.
  • Supply counts are checked every 10 seconds.